 Dungeon Crawl Stone Soup version 0.26-a0-1181-gd376ed14c5 (webtiles) character file.

Game seed: 10754778774771414475

79 jonathon0712 the Slasher (level 4, -9/36 HPs)
             Began as a Demonspawn Berserker on Dec 25, 2020.
             Was a Believer of Trog.
             Mangled by an orc
             ... wielding a +0 flail
              (11 damage)
             ... on level 3 of the Dungeon.
             The game lasted 00:04:26 (2281 turns).

jonathon0712 the Slasher (Demonspawn Berserker)     Turns: 2281, Time: 00:04:27

Health: -9/36      AC:  2    Str: 18    XL:     4   Next: 17%
Magic:  4/4        EV: 12    Int:  9    God:    Trog [**....]
Gold:   77         SH:  0    Dex: 14    Spells: 3/3 levels left

rFire    . . .     SeeInvis .   a - +0 falchion
rCold    . . .     Faith    .   (no shield)
rNeg     . . .     Spirit   .   b - +0 animal skin
rPois    .         Reflect  .   (no helmet)
rElec    .         Harm     .   (no cloak)
rCorr    .         Rampage  .   (no gloves)
Will     .....                  (no boots)
Stlth    ++........             (no amulet)
HPRegen  0.12/turn              g - +4 ring of slaying
MPRegen  0.09/turn              (no ring)

@: confused, lethally poisoned (-9 -> -12)
A: thin skeletal structure 1
a: Renounce Religion, Berserk, Trog's Hand


You were on level 3 of the Dungeon.
You worshipped Trog.
Trog was pleased with you.
You visited 1 branch of the dungeon, and saw 3 of its levels.

You collected 77 gold pieces.

Inventory:

Hand Weapons
 a - a +0 falchion (weapon)
Armour
 b - a +0 animal skin (worn)
Jewellery
 g - a +4 ring of slaying (left hand)
Scrolls
 e - 2 scrolls of remove curse {unknown}
 f - a scroll of teleportation {unknown}
 i - a scroll of enchant weapon {unknown}
Potions
 c - 2 potions of curing {unknown}
 d - a potion of degeneration {unknown}
 h - a potion of heal wounds {unknown}


   Skills:
 + Level 3.6 Fighting
 + Level 3.8 Long Blades
 + Level 1.8 Armour
 + Level 2.1 Dodging
 + Level 0.6 Stealth


You had 3 spell levels left.
You didn't know any spells.
Your spell library was empty.

Dungeon Overview and Level Annotations

Branches:
Dungeon (3/15)

Altars:


Innate Abilities, Weirdness & Mutations

You have a somewhat thin skeletal structure. (Dex +2, Stealth)


Message History

The puff of flame hits you!
There is an escape hatch in the floor here.
The orc shouts!
You slash the orc wizard!
The orc wizard is heavily wounded.
The adder closely misses you.
The orc wizard hits you with a +0 dagger.
The adder bites you.
You are poisoned.
The adder poisons you!
The giant cockroach enters a dispersal trap!
The orc wizard blinks!
The adder blinks!
You blink.
The orc wizard gestures at you while chanting.
The magic dart hits you!
* * * LOW HITPOINT WARNING * * *
You bump into the rock wall.
You feel sick. The orc hits you with a +0 flail!
* * * LOW HITPOINT WARNING * * *
The orc wizard casts a spell.
The orc wizard seems to speed up.
The orc hits you with a +0 flail!
You die...

## ## #. . .#.
... #.# #.#
###.### #...o.#
# ###.o.@.# .#
.....oor.##>###
####....w...?.#
#......##
###.B..# #..$S#
#........#
###.####.# #)#


You could see a worm, 3 orc wizards, an adder, an orc, a giant cockroach and a
rat.

Vanquished Creatures
  A gnoll (D:1)
  2 adders (D:2)
  2 dart slugs
  A leopard gecko (D:1)
  A ball python (D:2)
  2 bats
  6 goblins
  6 hobgoblins
  7 jackals
  2 frilled lizards
  6 kobolds
  8 rats
44 creatures vanquished.

Notes
Turn   | Place    | Note
-------+----------+-------------------------------------------
     0 | D:1      | jonathon0712 the Demonspawn Berserker began the quest for
                  | the Orb.
     0 | D:1      | Reached XP level 1. HP: 18/18 MP: 1/1
    44 | D:1      | Gained mutation: You have a somewhat thin skeletal
                  | structure. (Dex +2, Stealth) [demonic ancestry]
    44 | D:1      | Reached XP level 2. HP: 9/24 MP: 2/2
   863 | D:1      | Reached XP level 3. HP: 13/29 MP: 3/3
  1145 | D:2      | Reached ** piety under Trog
  2026 | D:2      | Reached XP level 4. HP: 23/36 MP: 4/4
  2281 | D:3      | Mangled by an orc

Illustrated notes

Levels and vault maps discovered:
D:1:      elethiomel_arrival_infinity_welcomes_careful_drivers, layout_basic,
          minmay_fountain_box, dk_noncrumbling_3, st_stairs_9
D:2:      layout_loops_ring
D:3:      layout_loops_ring, overflow_temple_1_default,
          gammafunk_temple_overflow_elements, due_unseen_surprise

Skill      XL: |  1  2 |
---------------+-------+-----
Long Blades    | 3 |  3.8
Dodging        | 2 |  2.1
Fighting       | |  3.6
Armour         | |  1.8
Stealth        | |  0.6

Action                   |  1- 3 |  4- 6 || total
-------------------------+-------+-------++-------
Melee: Falchion          |    86 |     9 ||    95
Invok: Berserk           |     1 |       ||     1
       Trog's Hand       |     1 |       ||     1
 Stab: Sleeping          |     1 |       ||     1
Armor: Animal skin       |    10 |     2 ||    12
Dodge: Dodged            |    95 |     5 ||   100
       Rpst.: Falchion   |    33 |       ||    33

Table legend: (Time is in decaauts)
 A = Elapsed time spent in this place.
 B = Non-inter-level travel time spent in this place.
 C = Inter-level travel time spent in this place.
 D = Time resting spent in this place.
 E = Time spent auto-exploring this place.
 F = Levels seen in this place.
 G = Mean time per level.
                   A        B        C        D        E       F      G
               +--------+--------+--------+--------+--------+-----+--------+
         Total |   2300 |   2300 |      0 |   1299 |    371 |   3 |  766.7 |
       Dungeon |   2300 |   2300 |      0 |   1299 |    371 |   3 |  766.7 |
               +--------+--------+--------+--------+--------+-----+--------+

Top non-repeatable levels by time:
     D:2: 1156 daAuts
     D:1: 1128 daAuts
     D:3: 16 daAuts
